 Dungeon Crawl Stone Soup version 0.28-a0-804-g60983d4ba9 (webtiles) character file.

Game seed: 10051646154880679038

0 cheechan the Sneak (level 1, -5/21 HPs)
             Began as a Naga Delver on Nov 7, 2021.
             Slain by a mummy (18 damage)
             ... in an ossuary.
             The game lasted 00:00:19 (29 turns).

cheechan the Sneak (Naga Delver)                      Turns: 29, Time: 00:00:19

Health: -5/21      AC:  1    Str: 14    XL:     1   Next: 0%
Magic:  1/1        EV:  9    Int: 10    God:
Gold:   0          SH:  0    Dex: 12    Spells: 0/0 levels left

rFire   . . .      SeeInvis +   a - +0 mace
rCold   . . .      Faith    .   (no shield)
rNeg    . . .      Spirit   .   b - +0 leather armour
rPois   +          Reflect  .   (no helmet)
rElec   .          Harm     .   (no cloak)
rCorr   .          Rampage  .   (no gloves)
Will    .....                   (no barding)
Stlth   +++.......              (no amulet)
HPRegen 0.07/turn               (no ring)
MPRegen 0.07/turn               (no ring)

@: very slow
A: AC +0, large, see invisible, deformed body, poison resistance, slowness 2,
spit poison 1, naga tail 1
a: Spit Poison


You were in an ossuary.
You visited 1 branch of the dungeon, and saw 1 of its levels.
You also visited: Ossuary.

Inventory:

Hand Weapons
 a - a +0 mace (weapon)
Armour
 b - a +0 leather armour (worn)
Wands
 g - a wand of digging (3)
Scrolls
 c - a scroll of fog
 d - a scroll of magic mapping
 h - a scroll of noise {unknown}
Potions
 f - a potion of haste


   Skills:
 + Level 3.0 Fighting
 + Level 2.0 Maces & Flails
 + Level 1.5 Dodging
 + Level 7.2 Stealth


You couldn't memorise any spells.
You didn't know any spells.
Your spell library was empty.

Dungeon Overview and Level Annotations

Branches:
Dungeon (5/15)            Ossuary (1/1)
 Temple: D:4-7

Altars:


Innate Abilities, Weirdness & Mutations

Your serpentine skin is tough. (AC +0)
You have supernaturally acute eyesight. (SInv)
Armour fits poorly on your strangely shaped body.
Your system is resistant to poisons. (rPois)
You cover ground very slowly.
You can spit poison.
You have a snake-like lower body.


Message History

Welcome back, cheechan the Naga Delver.
Press ? for a list of commands and other information.
Found a scroll labelled AFU AVIYNTOAGY.
h - a scroll labelled AFU AVIYNTOAGY An orc comes into view.
It is wielding a +0 club.
The orc shouts!
An orc priest comes into view. It is wielding a +0 short sword.
An orc priest comes into view. It is wielding a +0 whip.
An orc comes into view. It is wielding a +0 short sword.
Found an escape hatch in the floor.
The orc priest shouts! x2
The orc priest invokes the aid of Beogh against you.
Beogh smites you!
As you read the scroll of fear, it crumbles to dust.
You assume a fearsome visage.
The orc looks frightened!
The orc priest looks frightened! x2; The orc looks frightened!
The orc shouts!
Found a sand-covered staircase.
Found 18 sling bullets.
There is a sand-covered staircase here.
The world spins around you as you enter the gateway.
You enter an ossuary!
Found a gate leading back out of this place.
There is an empty arch of ancient stone here.
You start resting.
A mummy opens the door. 4 mummies come into view.
The mummy hits you.
The mummy moves out of view.
There is an open door here.
Abil: Spit Poison
Press: ? - help, Q - select action Shift-Dir - straight line, f - mummy
Aim: a mummy You fail to use your ability.
A mummy comes into view.
Unknown command.
You hit the mummy.
The mummy is lightly damaged.
The mummy hits you!!
Ouch! That really hurt!
You die...

## #M ##'
'.
###.#####
#.'M#...#
#MM@∩.#
#.'.#..∩#
###.#####
'. ##. .M
≈≈ ..


You could see 3 mummies.

Vanquished Creatures (others)
  2 withered plants (Ossuary)
2 creatures vanquished.

Notes
Turn   | Place    | Note
-------+----------+-------------------------------------------
     0 | D:5      | cheechan the Naga Delver began the quest for the Orb.
     0 | D:5      | Reached XP level 1. HP: 21/21 MP: 1/1
     7 | D:5      | Noticed an orc priest
     8 | D:5      | Noticed an orc priest
    13 | D:5      | Found a sand-covered staircase.
    17 | Ossuary  | Entered an ossuary
    29 | Ossuary  | Slain by a mummy

Illustrated notes

Levels and vault maps discovered:
D:5:      layout_loops_corners, lemuel_crystal_altar, temple_doors_ab,
          lightli_ossuary_entry_decrepit_ruins, st_stairs_4, uniq_edmund
Ossuary:  ossuary_zaba_flooded

Action                   || total
-------------------------++-------
Melee: Mace              ||     1
  Use: Scroll            ||     1

Table legend: (Time is in decaauts)
 A = Elapsed time spent in this place.
 B = Non-inter-level travel time spent in this place.
 C = Inter-level travel time spent in this place.
 D = Time resting spent in this place.
 E = Time spent auto-exploring this place.
 F = Levels seen in this place.
 G = Mean time per level.
                   A        B        C        D        E       F      G
               +--------+--------+--------+--------+--------+-----+--------+
         Total |     35 |     35 |      0 |      8 |      0 |   2 |   17.5 |
       Dungeon |     22 |     22 |      0 |      0 |      0 |   1 |   22.0 |
       Ossuary |     13 |     13 |      0 |      8 |      0 |   1 |   13.0 |
               +--------+--------+--------+--------+--------+-----+--------+

Top non-repeatable levels by time:
     D:5: 22 daAuts
 Ossuary: 13 daAuts
